 Dungeon Crawl Stone Soup version 0.19.5 (webtiles) character file.

2769 Kosschaser the Cleaver (level 9, -3/82 HPs)
             Began as a Hill Orc Berserker on May 25, 2017.
             Was a Priest of Trog.
             Shot with a sling bullet by Joseph (14 damage)
             ... on level 8 of the Dungeon.
             The game lasted 00:23:51 (7473 turns).

Kosschaser the Cleaver (Hill Orc Berserker)         Turns: 7473, Time: 00:23:51

Health: -3/82      AC:  7    Str: 23    XL:     9   Next: 69%
Magic:  9/9        EV: 14    Int:  7    God:    Trog [***...]
Gold:   311        SH:  0    Dex: 10    Spells: 0 memorised, 8 levels left

rFire  + . .     SeeInvis .     H - +1 hand axe (flame)
rCold  . . .     Gourm    .     u - +1 robe {rF+}
rNeg   . . .     Faith    .     (no shield)
rPois  .         Spirit   .     m - +0 helmet
rElec  .         Reflect  .     G - +1 cloak {MR+}
rCorr  .         Harm     .     w - +0 pair of gloves
MR     +....                    (no boots)
Stlth  ++........               y - amulet of magic regeneration
                                (no ring)
                                (no ring)

@: no status effects
A: no striking features
a: Berserk, Trog's Hand, Burn Spellbooks, Renounce Religion


You were on level 8 of the Dungeon.
You worshipped Trog.
Trog was most pleased with you.
You were near starving.

You visited 1 branch of the dungeon, and saw 8 of its levels.

You collected 311 gold pieces.

Inventory:

Hand Weapons
 H - a +1 hand axe of flaming (weapon)
Armour
 m - a +0 helmet (worn)
 u - a +1 robe of fire resistance (worn)
 w - a +0 pair of gloves (worn)
 G - a +1 cloak of magic resistance (worn)
Jewellery
 y - an amulet of magic regeneration (around neck)
Wands
 A - a wand of confusion (30/48)
 C - a wand of confusion (28/48)
 F - a wand of paralysis (12/24)
 I - a wand of polymorph (12/24)
Scrolls
 a - a scroll of identify
 b - a scroll of fog {unknown}
 d - a scroll of fear {unknown}
 f - a scroll of immolation
 j - 2 scrolls of recharging
 k - 2 scrolls of enchant weapon {unknown}
 o - a scroll of enchant armour {unknown}
 q - 5 scrolls of remove curse
 r - a scroll of magic mapping
 t - 2 scrolls of teleportation
 x - a scroll of blinking {unknown}
 E - a scroll of random uselessness {unknown}
Potions
 e - 2 potions of might
 g - a potion of invisibility {unknown}
 h - 3 potions of cure mutation {unknown}
 i - 4 potions of flight {unknown}
 n - 2 potions of curing {unknown}
 p - a potion of cancellation {unknown}
 s - 2 potions of berserk rage {unknown}
 v - 2 potions of heal wounds {unknown}
 z - a potion of haste {unknown}
 B - a potion of brilliance {unknown}
Comestibles
 c - 3 bread rations
 l - 4 meat rations
 D - 3 fruits


   Skills:
 + Level 8.5 Fighting
 + Level 12.0 Axes
 + Level 2.3 Armour
 + Level 5.0 Dodging
 + Level 3.1 Stealth


You had 8 spell levels left.
You didn't know any spells.

Dungeon Overview and Level Annotations

Branches:
Dungeon (8/15)             Temple (0/1) D:7
   Lair: D:8-11

Altars:
Dithmenos
Fedhas
Kikubaaqudgha
Makhleb
Qazlal
Xom
Yredelemnul
The Shining One

Shops:
D:8 }

Annotations:
D:8 Joseph


Message History

The ogre is severely wounded.
The ogre closely misses you.
You hit the ogre but do no damage.
The ogre is severely wounded.
Joseph shoots a sling bullet.
The sling bullet closely misses you.
You barely miss the ogre.
The ogre is severely wounded.
The ogre closely misses you.
You hit the ogre. You burn the ogre.
The ogre is almost dead.
Joseph shoots a sling bullet.
The sling bullet hits you!
* * * LOW HITPOINT WARNING * * *
You slash the ogre! You burn the ogre.
You kill the ogre!
Trog accepts your kill.
Joseph shoots a sling bullet.
The sling bullet hits you!
* * * LOW HITPOINT WARNING * * *
Joseph shoots a sling bullet.
The sling bullet barely misses you.
Joseph shoots a sling bullet.
The sling bullet hits you!
You die...

....... .# ..........
#..# .....#.... ..#
......##..### ###..#
.......##...#####...#
#.......###(.@##....#
#.(....###.(.#...##
#......####.)...#
#>.<@..#####((#####..
##......## ##........
##......####.(......
##......##..###....
##.....@...# ...
##....⌠.⌠.# ..
#.....∩..# ##...⌠.⌠##
##....##


You could see Joseph.

Vanquished Creatures
  Pikel (D:7)
  Grinder (D:3)
  The ghost of Kosschaser the Chopper, an amateur HOBe of Trog (D:3)
  The ghost of siprus the Agent of Entropy, an amateur DsAK of Lugonu (D:5)
  Duvessa (D:7)
  3 orc warriors
  A sky beast (D:7)
  A black bear (D:6)
  A slave (D:7)
  4 ogres
  3 centaurs (D:6)
  Dowan (D:7)
  A scorpion (D:6)
  3 crimson imps (D:6)
  2 orc priests
  2 orc wizards (D:7)
  A centaur zombie (D:5)
  Crazy Yiuf (D:7)
  Jessica (D:3)
  Ijyb (D:3)
  2 iguanas (D:7)
  A worker ant (D:4)
  A howler monkey zombie (D:7)
  Robin (D:4)
  13 adders
  5 worms
  A dart slug (D:2)
  4 leopard geckos
  10 orcs
  7 bats
  3 giant cockroaches
  17 goblins
  13 hobgoblins
  2 jackals (D:3)
  5 quokkas
  A ball python (D:5)
  3 frilled lizards
  A jackal zombie (D:6)
  6 kobolds
  A leopard gecko skeleton (D:3)
  A quokka skeleton (D:5)
  4 rats
133 creatures vanquished.

Vanquished Creatures (others)
  3 slaves (D:7)
  An orc wizard (D:7)
  A worker ant (D:7)
  3 orcs (D:7)
8 creatures vanquished.

Grand Total: 141 creatures vanquished

Notes
Turn   | Place    | Note
-------+----------+-------------------------------------------
     0 | D:1      | Kosschaser the Hill Orc Berserker began the quest for the Orb.
     0 | D:1      | Reached XP level 1. HP: 19/19 MP: 1/1
   373 | D:1      | Reached XP level 2. HP: 18/27 MP: 2/2
  1317 | D:2      | Reached XP level 3. HP: 33/34 MP: 3/3
  1549 | D:2      | Found a glowing golden altar of the Shining One.
  1561 | D:2      | Reached ** piety under Trog
  1856 | D:2      | Found a faded altar of an unknown god.
  1932 | D:2      | Reached XP level 4. HP: 34/41 MP: 4/4
  2076 | D:3      | Found a shimmering altar of Xom.
  2115 | D:3      | Noticed Jessica
  2125 | D:3      | Killed Jessica
  2125 | D:3      | Reached skill level 5 in Axes
  2167 | D:3      | Noticed Kosschaser's ghost (amateur HOBe)
  2178 | D:3      | Killed Kosschaser's ghost
  2178 | D:3      | Reached skill level 5 in Fighting
  2178 | D:3      | Reached skill level 1 in Stealth
  2178 | D:3      | Reached XP level 5. HP: 46/48 MP: 5/5
  2178 | D:3      | Reached XP level 6. HP: 54/56 MP: 6/6
  2201 | D:3      | Found a faded altar of an unknown god.
  2201 | D:3      | Found a blossoming altar of Fedhas.
  2206 | D:3      | Found a faded altar of an unknown god.
  2208 | D:3      | Found a faded altar of an unknown god.
  2209 | D:3      | Found a faded altar of an unknown god.
  2305 | D:3      | Reached skill level 6 in Axes
  2332 | D:3      | Noticed Ijyb
  2347 | D:3      | Killed Ijyb
  2361 | D:3      | Found a burning altar of Makhleb.
  3013 | D:3      | Noticed Grinder
  3027 | D:3      | Killed Grinder
  3027 | D:3      | Reached skill level 7 in Axes
  3027 | D:3      | Reached XP level 7. HP: 13/62 MP: 7/7
  3590 | D:4      | Found an ancient bone altar of Kikubaaqudgha.
  3656 | D:4      | Found a basalt altar of Yredelemnul.
  3854 | D:4      | Found a shadowy altar of Dithmenos.
  3858 | D:4      | Noticed Robin
  3864 | D:4      | Reached *** piety under Trog
  3872 | D:4      | Killed Robin
  4018 | D:5      | Entered Level 5 of the Dungeon
  4233 | D:5      | Noticed siprus's ghost (amateur DsAK)
  4243 | D:5      | Killed siprus's ghost
  4243 | D:5      | Reached skill level 8 in Axes
  4636 | D:6      | HP: 1/64 [centaur (6)]
  4641 | D:6      | Reached XP level 8. HP: 3/71 MP: 8/8
  4847 | D:6      | Reached skill level 9 in Axes
  5453 | D:6      | Reached skill level 10 in Axes
  6102 | D:6      | Reached XP level 9. HP: 70/79 MP: 9/9
  6191 | D:7      | Noticed Pikel
  6222 | D:7      | Killed Pikel
  6222 | D:7      | Reached skill level 11 in Axes
  6238 | D:7      | Noticed Duvessa
  6253 | D:7      | Killed Duvessa
  6262 | D:7      | Noticed Dowan
  6275 | D:7      | Killed Dowan
  6914 | D:7      | Found a runed door.
  6998 | D:7      | Found a stormy altar of Qazlal.
  7028 | D:7      | Found a staircase to the Ecumenical Temple.
  7371 | D:7      | Noticed Crazy Yiuf
  7376 | D:7      | Killed Crazy Yiuf
  7376 | D:7      | Reached skill level 12 in Axes
  7376 | D:7      | Reached skill level 5 in Dodging
  7421 | D:8      | Found Ylinaepuu's Gadget Boutique.
  7438 | D:8      | Noticed Joseph
  7473 | D:8      | Shot with a sling bullet by Joseph

Skill      XL: |  1  2  3  4  5  6  7  8  9 |
---------------+----------------------------+-----
Fighting       | 4 5 6 7 8 |  8.5
Dodging        | 2 3 4 5 |  5.0
Axes           | 5 7 8 10 12 | 12.0
Stealth        | 1 2 3 |  3.1
Armour         | |  2.3

Action                   |  1- 3 |  4- 6 |  7- 9 || total
-------------------------+-------+-------+-------++-------
Melee: Hand axe          |   108 |   127 |   367 ||   602
Invok: Berserk           |     1 |     2 |     7 ||    10
       Trog's Hand       |       |       |     2 ||     2
       Burn Spellbooks   |       |       |     1 ||     1
  Use: Scroll            |       |       |     8 ||     8
 Stab: Sleeping          |     2 |     2 |     4 ||     8
  Eat: Chunk             |     3 |     6 |    13 ||    22
       Fruit             |       |       |     3 ||     3
       Bread ration      |       |       |     1 ||     1
Armor: Animal skin       |    19 |     3 |       ||    22
       Robe              |       |    19 |    46 ||    65
Dodge: Dodged            |    75 |    70 |   179 ||   324
